 Dungeon Crawl Stone Soup version 0.29-a0-551-gffc1d7fb78 (webtiles) character file.

Game seed: 4887532115800273526

240 shadowstone the Skirmisher (level 6, -6/39 HPs)
             Began as a Gargoyle Fighter on June 5, 2022.
             Was an Initiate of Wu Jian.
             Mangled by an iguana (10 damage)
             ... on level 5 of the Dungeon.
             The game lasted 00:13:26 (2426 turns).

shadowstone the Skirmisher (Gargoyle Fighter)       Turns: 2426, Time: 00:13:27

Health: -6/39      AC: 12    Str: 22    XL:     6   Next: 8%
Magic:  6/6        EV: 11    Int:  8    God:    Wu Jian [......]
Gold:   155        SH:  4    Dex:  9    Spells: 4/5 levels left

rFire   . . .      SeeInvis .   f - +0 short sword (speed)
rCold   . . .      Faith    .   c - +0 buckler
rNeg    + . .      Spirit   .   e - +3 leather armour
rPois   ∞          Reflect  .   (no helmet)
rElec   +          Harm     .   (no cloak)
rCorr   +          Rampage  .   g - +0 pair of gloves
Will    .....                   (no boots)
Stlth   +.........              p - amulet of regeneration
HPRegen 0.93/turn               k - ring of resist corrosion
MPRegen 0.10/turn               (no ring)

@: no status effects
A: sickness immunity, AC +4, negative energy resistance 1, electricity
resistance, torment resistance 1, petrification resistance
a: Renounce Religion


You were on level 5 of the Dungeon.
You worshipped Wu Jian.
Wu Jian was noncommittal.
You visited 1 branch of the dungeon, and saw 5 of its levels.

You collected 155 gold pieces.

Inventory:

Hand Weapons
 a - a +0 trident
 f - a +0 short sword of speed (weapon)
Missiles
 r - 2 poisoned darts (quivered)
Armour
 b - a +0 scale mail
 c - a +0 buckler (worn)
 e - a +3 leather armour (worn)
 g - a +0 pair of gloves (worn)
Jewellery
 k - a ring of resist corrosion (left hand)
 p - an amulet of regeneration (around neck)
Wands
 s - a wand of flame (13)
Scrolls
 i - a scroll of poison
 j - 2 scrolls of identify {unknown}
Potions
 d - a potion of might
 n - a potion of curing {unknown}
 o - a potion of lignification {unknown}
 q - 2 potions of heal wounds {unknown}
 t - a potion of resistance {unknown}
 u - a potion of attraction {unknown}


   Skills:
 + Level 4.4 Fighting
 + Level 3.0 Short Blades
 + Level 2.1 Polearms
 + Level 4.0 Armour
 + Level 1.0 Dodging
 + Level 0.2 Stealth
 + Level 4.0 Shields


You had 4 spell levels left.
You knew the following spells:

 Your Spells              Type           Power      Damage    Failure   Level
a - Beastly Appendage     Tmut           0%         N/A       54%         1

Your spell library contained the following spells:

 Spells                   Type           Power      Damage    Failure   Level
 Sandblast                Erth           0%         2d4       54%         1
 Summon Small Mammal      Summ           0%         N/A       54%         1
 Passwall                 Tmut/Erth      0%         N/A       69%         2
 Wereblood                Tmut           0%         N/A       69%         2
 Call Canine Familiar     Summ           0%         N/A       89%         3
 Spider Form              Tmut/Pois      0%         N/A       89%         3
 Stone Arrow              Conj/Erth      0%         3d7       89%         3
 Summon Guardian Golem    Hex/Summ       0%         N/A       89%         3


Dungeon Overview and Level Annotations

Branches:
Dungeon (5/15)             Temple (0/1) D:5

Altars:
Gozag
Wu Jian


Innate Abilities, Weirdness & Mutations

You are immune to sickness and miasma.
Your stone body is resilient. (AC +4)
You are immune to poison.
You resist negative energy. (rN+)
You are resistant to electric shocks. (rElec)
You are resistant to unholy torment.
You are immune to petrification.


Message History

You barely miss the iguana.
The iguana is almost dead.
The gnoll hits you with a +0 club.
* * * LOW HITPOINT WARNING * * *
The iguana closely misses you.
You hit the iguana but do no damage.
The iguana is almost dead.
The gnoll hits you but does no damage. The iguana bites you.
* * * LOW HITPOINT WARNING * * *
You completely miss the iguana.
The iguana is almost dead.
The hound barks!
You hear a bark!
The gnoll hits you but does no damage. The iguana closely misses you.
As you read the scroll labelled KIEWUUN DUCUL, it crumbles to dust.
You feel strangely unstable.
It was a scroll of teleportation.
The iguana completely misses you. The gnoll closely misses you.
A hound comes into view.
As you read the scroll of teleportation, it crumbles to dust.
You feel strangely stable. The iguana barely misses you.
You block the gnoll's attack. The hound misses you. The iguana bites you.
* * * LOW HITPOINT WARNING * * *
You see here a scroll labelled UMUWAESSELE.
The air fills with toxic fumes!
As you read the scroll labelled SIUZXAW HODUI, it crumbles to dust.
It was a scroll of poison.
The hound barely misses you. The hound misses you.
The iguana barely misses you. The gnoll closely misses you.
Aiming: Throw Flame
Press: ? - help, Shift-Dir - straight line, f - iguana
Aim: an iguana (almost dead, 72% to hit)
Okay, then.
You hit the iguana.
The iguana is almost dead.
The hound is poisoned.
The hound bites you.
* * * LOW HITPOINT WARNING * * *
It was a potion of cancellation.
You feel magically purged.
The hound is engulfed in poison gas.
The hound looks even sicker.
You block the hound's attack. The hound barely misses you.
The iguana bites you!
You die...

#......($.....#.....
#...##§.....§§#.§§..
##...#§§.....§§#§§.§.
#....§§§§....§§#§#§.#
#....##§§§##.§§§§§...
####..[.###§.###§§§##
##.#.....§#§§§§§§§§##
.........§§§§§§h§§§#####
.........§§§§§§h@§§§§§§##
.........§§##§§gl§§§§§§§.
.........§§§§§§§§§§§##§§.
....#...#§§§§§§§§§§§§#
....#.⌠.#§§§§§§§§§§§§§§
..###...###§§§§§§§##§§§§.
.........§§§§§§##§§ §§§§.
.h.⌠..>..§§§§§§#.##. §§§.
............... . ....


You could see an iguana, 2 hounds and a gnoll.

Vanquished Creatures
  2 necrophages (D:5)
  A scorpion (D:5)
  2 adders
  An orc (D:4)
  5 ball pythons
  A bat (D:1)
  3 endoplasms
  A giant cockroach (D:2)
  6 goblins
  4 hobgoblins
  2 quokkas
  6 kobolds
34 creatures vanquished.

Notes
Turn   | Place    | Note
-------+----------+-------------------------------------------
     0 | D:1      | shadowstone the Gargoyle Fighter began the quest for the
                  | Orb.
     0 | D:1      | Reached XP level 1. HP: 14/14 MP: 1/1
   676 | D:1      | Reached XP level 2. HP: 19/19 MP: 2/2
  1259 | D:2      | Reached XP level 3. HP: 23/24 MP: 3/3
  1489 | D:3      | Found an ornate altar of the Wu Jian Council.
  1501 | D:3      | Became a worshipper of the Wu Jian Council
  1553 | D:3      | Found an opulent altar of Gozag.
  1841 | D:4      | Learned a level 1 spell: Beastly Appendage
  2058 | D:4      | Reached skill level 1 in Short Blades
  2113 | D:4      | Reached XP level 4. HP: 29/29 MP: 4/4
  2136 | D:5      | Entered Level 5 of the Dungeon
  2151 | D:5      | Noticed a scorpion
  2199 | D:5      | Killed a scorpion
  2200 | D:5      | Reached XP level 5. HP: 33/33 MP: 5/5
  2329 | D:5      | Reached skill level 1 in Dodging
  2329 | D:5      | Reached XP level 6. HP: 39/39 MP: 6/6
  2331 | D:5      | Found a staircase to the Ecumenical Temple.
  2426 | D:5      | Mangled by an iguana

Illustrated notes

Levels and vault maps discovered:
D:1:      minmay_arrival_jagged, layout_loops_corners,
          hellmonk_ecumenical_altar_prayer_group, columned_hall_lemuel,
          hangedman_glass_teeth, st_stairs_1
D:2:      layout_loops_cross
D:3:      layout_basic, nzn_wu_jian_council_hall, grunt_gozag_statues,
          hex_intersection
D:4:      layout_basic, serial_rivers, chequers_serial_rivers_micro_b,
          chequers_serial_rivers_marsh, chequers_serial_rivers_small_3,
          chequers_serial_rivers_marsh, chequers_serial_rivers_large_b,
          chequers_serial_rivers_micro_b
D:5:      layout_cave_pools, minmay_overflow_temple_hex,
          minmay_temple_entry_junction_2, kennysheep_cluttered_room,
          minmay_misc_feat_encased, minmay_ogre_servants

Skill      XL: |  1  2  3  4  5 |
---------------+----------------+-----
Polearms       | 2 |  2.1
Short Blades   | 1 3 |  3.0
Fighting       | 4 |  4.4
Armour         | 4 |  4.0
Dodging        | 1 |  1.0
Shields        | 4 |  4.0
Stealth        | |  0.2

Action                   |  1- 3 |  4- 6 || total
-------------------------+-------+-------++-------
Melee: Short sword       |   133 |   154 ||   287
       Trident           |     4 |       ||     4
Invok: Lunge             |     2 |     1 ||     3
  Use: Scroll            |       |     4 ||     4
       Potion            |       |     1 ||     1
Armor: Leather armour    |    53 |    48 ||   101
       Scale mail        |     1 |       ||     1
Dodge: Dodged            |    61 |    60 ||   121
Block: Buckler           |    26 |    20 ||    46

Table legend: (Time is in decaauts)
 A = Elapsed time spent in this place.
 B = Non-inter-level travel time spent in this place.
 C = Inter-level travel time spent in this place.
 D = Time resting spent in this place.
 E = Time spent auto-exploring this place.
 F = Levels seen in this place.
 G = Mean time per level.
                   A        B        C        D        E       F      G
               +--------+--------+--------+--------+--------+-----+--------+
         Total |   2373 |   2361 |     12 |    267 |      0 |   5 |  474.6 |
       Dungeon |   2373 |   2361 |     12 |    267 |      0 |   5 |  474.6 |
               +--------+--------+--------+--------+--------+-----+--------+

Top non-repeatable levels by time:
     D:1: 989 daAuts
     D:3: 472 daAuts
     D:4: 339 daAuts
     D:2: 328 daAuts
     D:5: 243 daAuts
